TOP OF THE 1ST |
Houston Hammertime batting - Pitching for Las Vegas Stars : RHP Manuel González
|
Pitching: RHP Manuel González
|
|
Batting: LHB Jeffrey Satterley
|
0-0: Called Strike 0-1: Foul Ball, location: 2F 0-2: Ball 1-2: Ball 2-2: Ball 3-2: SINGLE (Groundball, 56D)
|
Batting: RHB Santo Cruz
|
0-0: Ball 1-0: SINGLE (Groundball, 6MD) Jeffrey Satterley to second
|
Batting: LHB Francisco Cardenas
|
0-0: Swinging Strike 0-1: Ball 1-1: Ball 2-1: Foul Ball, location: 2F 2-2: Ball 3-2: Foul Ball, location: 2F 3-2: Strikes out swinging Jeffrey Satterley steals 3rd base Batter strikes out. Santo Cruz to second
|
Batting: LHB Marcos Cantú
|
0-0: Ball 1-0: Fly out, F7 (Flyball, 7S)
|
Batting: RHB Carlos García
|
0-0: Swinging Strike 0-1: Foul Ball, location: 2F 0-2: Ball 1-2: Ball 2-2: SINGLE (Flyball, 8RS) Jeffrey Satterley scores Santo Cruz to third Runner from 3rd tries for Home, SAFE, no throw
|
Batting: LHB Dave Gordon
|
Pickoff Throw to First - Out!
|
Top of the 1st over - 2 runs, 3 hits, 0 errors, 0 left on base; Houston 2 - Las Vegas 0 |
BOTTOM OF THE 1ST |
Las Vegas Stars batting - Pitching for Houston Hammertime : LHP Dan Snyder
|
Pitching: LHP Dan Snyder
|
|
Batting: RHB Alonso Holguín
|
0-0: Ball 1-0: Called Strike 1-1: Ball 2-1: Swinging Strike 2-2: Foul Ball, location: 2F 2-2: Ball 3-2: Base on Balls
|
Batting: SHB Júlio Salazar
|
0-0: 2-RUN HOME RUN (Flyball, 7LD), Distance : 392 ft
|
Batting: LHB Jesús Campos
|
0-0: Ball 1-0: Called Strike 1-1: Ball 2-1: Called Strike 2-2: Ball 3-2: Foul Ball, location: 2F 3-2: Base on Balls
|
Batting: RHB Juan Valverde
|
0-0: Called Strike 0-1: Foul Ball, location: 2F 0-2: Fielders Choice at 2nd, 1-6 (Groundball, 13S)
|
Batting: RHB Sam Wallace
|
0-0: Foul Ball, location: 2F 0-1: Swinging Strike 0-2: Strikes out swinging
|
Batting: RHB Tomás Díaz
|
0-0: Called Strike 0-1: Foul Ball, location: 2F 0-2: Ball 1-2: Ball 2-2: Fielders Choice at 2nd, 6-4 (Groundball, 6MD)
|
Bottom of the 1st over - 2 runs, 1 hit, 0 errors, 1 left on base; Houston 2 - Las Vegas 2 |
TOP OF THE 2ND |
Houston Hammertime batting - Pitching for Las Vegas Stars : RHP Manuel González
|
Batting: LHB Dave Gordon
|
0-0: Ball 1-0: Ball 2-0: Ground out 6-3 (Groundball, 6)
|
Batting: SHB Glenn Vadnais
|
0-0: Fly out, F9 (Flyball, 9)
|
Batting: LHB David Adams
|
0-0: Ball 1-0: Ball 2-0: Ground out 6-3 (Groundball, 6)
|
Top of the 2nd over - 0 runs, 0 hits, 0 errors, 0 left on base; Houston 2 - Las Vegas 2 |
BOTTOM OF THE 2ND |
Las Vegas Stars batting - Pitching for Houston Hammertime : LHP Dan Snyder
|
Batting: RHB Barney Lawson
|
0-0: Ball 1-0: Ball 2-0: Called Strike 2-1: DOUBLE (Line Drive, 9D)
|
Batting: LHB Patrick Osborne
|
0-0: Called Strike 0-1: Ball 1-1: Ball 2-1: Ball 3-1: 2-RUN HOME RUN (Flyball, 9LD), Distance : 401 ft
|
Batting: LHB Morgan Wright
|
0-0: Ball 1-0: SINGLE (Line Drive, 8LS)
|
Batting: RHB Alonso Holguín
|
0-0: Ball 1-0: Swinging Strike 1-1: Foul Ball, location: 2F 1-2: Grounds into double play, 6-4-3 (Groundball, 6)
|
Batting: SHB Júlio Salazar
|
0-0: SOLO HOME RUN (Line Drive, 7D), Distance : 403 ft
|
Batting: LHB Jesús Campos
|
0-0: Called Strike 0-1: Foul Ball, location: 2F 0-2: Fly out, F8 (Flyball, 89D)
|
Bottom of the 2nd over - 3 runs, 4 hits, 0 errors, 0 left on base; Houston 2 - Las Vegas 5 |
TOP OF THE 3RD |
Houston Hammertime batting - Pitching for Las Vegas Stars : RHP Manuel González
|
Batting: RHB José García
|
0-0: Ball 1-0: Swinging Strike 1-1: Bunt missed! 1-2: Foul Ball, location: 2F 1-2: Ground out 3-1 (Groundball, 34)
|
Batting: LHB Jeffrey Satterley
|
0-0: Foul Ball, location: 2F 0-1: Ball 1-1: Foul Ball, location: 2F 1-2: Foul Ball, location: 2F 1-2: Foul Ball, location: 2F 1-2: Ball 2-2: DOUBLE (Flyball, 8RXD)
|
Batting: RHB Santo Cruz
|
0-0: Swinging Strike 0-1: Called Strike 0-2: Ground out 5-3 (Groundball, 5S) Jeffrey Satterley to third
|
Batting: LHB Francisco Cardenas
|
0-0: Ball 1-0: Foul Ball, location: 2F 1-1: Called Strike 1-2: Ball 2-2: SINGLE (Groundball, 6MD) (infield hit) Jeffrey Satterley scores
|
Batting: LHB Marcos Cantú
|
0-0: Called Strike 0-1: Ball 1-1: Ball 2-1: Fly out, F8 (Line Drive, 8RM)
|
Top of the 3rd over - 1 run, 2 hits, 0 errors, 1 left on base; Houston 3 - Las Vegas 5 |
BOTTOM OF THE 3RD |
Las Vegas Stars batting - Pitching for Houston Hammertime : LHP Dan Snyder
|
Batting: RHB Juan Valverde
|
0-0: Ball 1-0: Swinging Strike 1-1: Foul Ball, location: 2F 1-2: SINGLE (Groundball, 6MD)
|
Batting: RHB Sam Wallace
|
0-0: Called Strike 0-1: Fielders Choice at 2nd, 6-4 (Groundball, 56)
|
Batting: RHB Tomás Díaz
|
0-0: Ball 1-0: Ball 2-0: Called Strike 2-1: DOUBLE (Line Drive, 7LM) Sam Wallace to third
|
Batting: RHB Barney Lawson
|
0-0: Ball 1-0: Swinging Strike 1-1: SINGLE (Line Drive, 34D) Sam Wallace scores Tomás Díaz to third
|
Pitching: RHP António Galindo
|
|
Batting: LHB Patrick Osborne
|
0-0: Ball 1-0: Ball 2-0: Foul Ball, location: 2F 2-1: Fly out, F7 (Flyball, 7LS) Runner from 3rd tags up, SCORES, no throw
|
Batting: LHB Morgan Wright
|
0-0: Called Strike 0-1: Fly out, F9 (Line Drive, 9)
|
Bottom of the 3rd over - 2 runs, 3 hits, 0 errors, 1 left on base; Houston 3 - Las Vegas 7 |
TOP OF THE 4TH |
Houston Hammertime batting - Pitching for Las Vegas Stars : RHP Manuel González
|
Batting: RHB Carlos García
|
0-0: Ball 1-0: Ground out 5-3 (Groundball, 56)
|
Batting: LHB Dave Gordon
|
0-0: Swinging Strike 0-1: Swinging Strike 0-2: Foul Ball, location: 2F 0-2: Ground out 4-3 (Groundball, 4)
|
Batting: SHB Glenn Vadnais
|
0-0: SINGLE (Groundball, 34D)
|
Batting: LHB David Adams
|
0-0: Ball 1-0: Foul Ball, location: 2F 1-1: Foul Ball, location: 2F 1-2: Ball 2-2: Ball 3-2: Fly out, F8 (Line Drive, 8LXD)
|
Top of the 4th over - 0 runs, 1 hit, 0 errors, 1 left on base; Houston 3 - Las Vegas 7 |
BOTTOM OF THE 4TH |
Las Vegas Stars batting - Pitching for Houston Hammertime : RHP António Galindo
|
Batting: RHB Alonso Holguín
|
0-0: Called Strike 0-1: Ball 1-1: Ball 2-1: Foul Ball, location: 2F 2-2: Strikes out looking
|
Batting: RHB Ricardo Guzmán
|
0-0: Ball 1-0: Foul Ball, location: 2F 1-1: Swinging Strike 1-2: Strikes out looking
|
Batting: LHB Jesús Campos
|
0-0: Ball 1-0: Called Strike 1-1: Ball 2-1: SOLO HOME RUN (Flyball, 9LD), Distance : 391 ft
|
Batting: RHB Juan Valverde
|
0-0: Foul Ball, location: 2F 0-1: Ball 1-1: DOUBLE (Line Drive, 78M)
|
Batting: RHB Sam Wallace
|
0-0: Ball 1-0: Called Strike 1-1: Foul Ball, location: 2F 1-2: Strikes out swinging
|
Bottom of the 4th over - 1 run, 2 hits, 0 errors, 1 left on base; Houston 3 - Las Vegas 8 |
TOP OF THE 5TH |
Houston Hammertime batting - Pitching for Las Vegas Stars : RHP Manuel González
|
Now in CF: Ricardo Guzmán
|
|
Batting: RHB José García
|
0-0: Swinging Strike 0-1: Swinging Strike 0-2: Ball 1-2: Foul Ball, location: 2F 1-2: Ball 2-2: Foul Ball, location: 2F 2-2: Ground out U3 (Groundball, 34)
|
Batting: LHB Jeffrey Satterley
|
0-0: Ball 1-0: Ball 2-0: SINGLE (Groundball, 4MD)
|
Batting: RHB Santo Cruz
|
0-0: Ball 1-0: Foul Ball, location: 2F 1-1: Foul Ball, location: 2F 1-2: Fly out, F7 (Line Drive, 7)
|
Batting: LHB Francisco Cardenas
|
0-0: Swinging Strike 0-1: Foul Ball, location: 2F 0-2: Foul Ball, location: 2F 0-2: Ball 1-2: Strikes out looking
|
Top of the 5th over - 0 runs, 1 hit, 0 errors, 1 left on base; Houston 3 - Las Vegas 8 |
BOTTOM OF THE 5TH |
Las Vegas Stars batting - Pitching for Houston Hammertime : RHP António Galindo
|
Batting: RHB Tomás Díaz
|
0-0: Called Strike 0-1: Ball 1-1: Ground out 4-3 (Groundball, 4S)
|
Batting: RHB Barney Lawson
|
0-0: Ball 1-0: SINGLE (Groundball, 34S) (infield hit)
|
Batting: LHB Patrick Osborne
|
0-0: Ball 1-0: Foul Ball, location: 2F 1-1: Foul Ball, location: 2F 1-2: Strikes out swinging
|
Batting: LHB Morgan Wright
|
0-0: Called Strike 0-1: Swinging Strike 0-2: Ball 1-2: Fielders Choice at 2nd, 6-4 (Groundball, 56)
|
Bottom of the 5th over - 0 runs, 1 hit, 0 errors, 1 left on base; Houston 3 - Las Vegas 8 |
TOP OF THE 6TH |
Houston Hammertime batting - Pitching for Las Vegas Stars : RHP Manuel González
|
Pitching: LHP Carlos Castillo
|
|
Batting: LHB Marcos Cantú
|
0-0: Ball 1-0: Foul Ball, location: 2F 1-1: Ball 2-1: Foul Ball, location: 2F 2-2: Ball 3-2: Base on Balls
|
Batting: RHB Carlos García
|
0-0: Ball 1-0: Called Strike 1-1: Grounds into double play, 6-4-3 (Groundball, 6M)
|
Batting: LHB Dave Gordon
|
0-0: Ground out U3 (Groundball, 3L)
|
Top of the 6th over - 0 runs, 0 hits, 0 errors, 0 left on base; Houston 3 - Las Vegas 8 |
BOTTOM OF THE 6TH |
Las Vegas Stars batting - Pitching for Houston Hammertime : RHP António Galindo
|
Batting: RHB Alonso Holguín
|
0-0: Ball 1-0: Foul Ball, location: 2F 1-1: Foul Ball, location: 2F 1-2: Ball 2-2: Ball 3-2: Base on Balls
|
Batting: RHB Ricardo Guzmán
|
0-0: Ball 1-0: Called Strike 1-1: Ball 2-1: Fielders Choice at 2nd, 1-6 (Groundball, 13)
|
Batting: LHB Jesús Campos
|
0-0: 2-RUN HOME RUN (Flyball, 9LD), Distance : 406 ft
|
Batting: RHB Juan Valverde
|
0-0: Ball 1-0: Ball 2-0: Ground out 4-3 (Groundball, 34D)
|
Batting: RHB Sam Wallace
|
0-0: Foul Ball, location: 2F 0-1: Called Strike 0-2: Ball 1-2: Ball 2-2: Foul Ball, location: 2F 2-2: Ball 3-2: Foul Ball, location: 2F 3-2: Strikes out looking
|
Bottom of the 6th over - 2 runs, 1 hit, 0 errors, 0 left on base; Houston 3 - Las Vegas 10 |
TOP OF THE 7TH |
Houston Hammertime batting - Pitching for Las Vegas Stars : LHP Carlos Castillo
|
Batting: SHB Glenn Vadnais
|
0-0: Ball 1-0: Ball 2-0: Ball 3-0: Called Strike 3-1: Foul Ball, location: 2F 3-2: Foul Ball, location: 2F 3-2: Base on Balls
|
Batting: LHB David Adams
|
0-0: Ball 1-0: Swinging Strike 1-1: Ball 2-1: Foul Ball, location: 2F 2-2: Ball 3-2: Strikes out swinging
|
Batting: RHB José García
|
0-0: Ball 1-0: Foul Ball, location: 2F 1-1: Swinging Strike 1-2: Ball 2-2: Grounds into double play, 1-6-3 (Groundball, 13)
|
Top of the 7th over - 0 runs, 0 hits, 0 errors, 0 left on base; Houston 3 - Las Vegas 10 |
BOTTOM OF THE 7TH |
Las Vegas Stars batting - Pitching for Houston Hammertime : RHP António Galindo
|
Pitching: LHP Mark Stewart
|
|
Batting: RHB Tomás Díaz
|
0-0: Ball 1-0: Ball 2-0: Foul Ball, location: 2F 2-1: Foul Ball, location: 2F 2-2: Ball 3-2: Foul Ball, location: 2F 3-2: Ground out 4-3 (Groundball, 4)
|
Batting: RHB Barney Lawson
|
0-0: Called Strike 0-1: Called Strike 0-2: Ball 1-2: Ball 2-2: Ground out 5-3 (Groundball, 56)
|
Batting: LHB Patrick Osborne
|
0-0: SINGLE (Line Drive, 7S)
|
Batting: LHB Morgan Wright
|
0-0: Ball 1-0: Foul Ball, location: 2F 1-1: Ball 2-1: Foul Ball, location: 2F 2-2: Foul Ball, location: 2F 2-2: Foul Ball, location: 2F 2-2: Ball 3-2: Foul Ball, location: 2F 3-2: SINGLE (Flyball, 8RS) Patrick Osborne to second Patrick Osborne to third
|
Batting: RHB Alonso Holguín
|
0-0: Called Strike 0-1: Called Strike 0-2: Ball 1-2: Foul Ball, location: 2F 1-2: Ball 2-2: Ball 3-2: Strikes out swinging
|
Bottom of the 7th over - 0 runs, 2 hits, 0 errors, 2 left on base; Houston 3 - Las Vegas 10 |
TOP OF THE 8TH |
Houston Hammertime batting - Pitching for Las Vegas Stars : LHP Carlos Castillo
|
Batting: LHB Jeffrey Satterley
|
0-0: Called Strike 0-1: Ball 1-1: Swinging Strike 1-2: Strikes out swinging
|
Batting: RHB Santo Cruz
|
0-0: Ball 1-0: Foul Ball, location: 2F 1-1: Foul Ball, location: 2F 1-2: Ball 2-2: Strikes out swinging
|
Batting: LHB Francisco Cardenas
|
0-0: Ball 1-0: Ground out 6-3 (Groundball, 6M)
|
Top of the 8th over - 0 runs, 0 hits, 0 errors, 0 left on base; Houston 3 - Las Vegas 10 |
BOTTOM OF THE 8TH |
Las Vegas Stars batting - Pitching for Houston Hammertime : LHP Mark Stewart
|
Batting: RHB Ricardo Guzmán
|
0-0: Swinging Strike 0-1: Ball 1-1: Ball 2-1: Swinging Strike 2-2: Foul Ball, location: 2F 2-2: Foul Ball, location: 2F 2-2: DOUBLE (Line Drive, 78XD)
|
Batting: LHB Jesús Campos
|
0-0: Called Strike 0-1: Ball 1-1: Foul Ball, location: 2F 1-2: Ball 2-2: Ball 3-2: Ground out 5-3 (Groundball, 56S) Ricardo Guzmán to third
|
Batting: RHB Juan Valverde
|
0-0: Called Strike 0-1: Ball 1-1: Ball 2-1: Swinging Strike 2-2: Foul Ball, location: 2F 2-2: Foul Ball, location: 2F 2-2: Ball 3-2: Foul Ball, location: 2F 3-2: Base on Balls
|
Batting: RHB Sam Wallace
|
0-0: Called Strike 0-1: Fly out, F7 (Flyball, 7LSF) Runner from 3rd tags up, SCORES, no throw
|
Batting: RHB Tomás Díaz
|
0-0: Ball 1-0: Ball 2-0: Called Strike 2-1: Foul Ball, location: 2F 2-2: Foul Ball, location: 2F 2-2: Ball 3-2: SINGLE (Groundball, 56) (infield hit) Juan Valverde to second
|
Batting: RHB Barney Lawson
|
0-0: DOUBLE (Line Drive, 78D) Juan Valverde scores Tomás Díaz to third Runner from 3rd tries for Home, SAFE, no throw
|
Batting: LHB Patrick Osborne
|
0-0: Ball 1-0: Swinging Strike 1-1: Foul Ball, location: 2F 1-2: Foul Ball, location: 2F 1-2: Ball 2-2: Fly out, F9 (Flyball, 9S)
|
Bottom of the 8th over - 3 runs, 3 hits, 0 errors, 1 left on base; Houston 3 - Las Vegas 13 |
TOP OF THE 9TH |
Houston Hammertime batting - Pitching for Las Vegas Stars : LHP Carlos Castillo
|
Now at 3B: Gabriel Miranda
|
|
Now in LF: Paco Castillo
|
|
Batting: LHB Marcos Cantú
|
0-0: Called Strike 0-1: Ball 1-1: Called Strike 1-2: Ball 2-2: DOUBLE (Flyball, 8LXD)
|
Batting: RHB Carlos García
|
0-0: SINGLE (Groundball, 56D) Marcos Cantú to third
|
Batting: LHB Dave Gordon
|
0-0: Ball 1-0: Ball 2-0: Called Strike 2-1: 3-RUN HOME RUN (Flyball, 9D), Distance : 402 ft
|
Batting: SHB Glenn Vadnais
|
0-0: Ball 1-0: Ball 2-0: Ball 3-0: Base on Balls
|
Batting: LHB David Adams
|
0-0: Ball 1-0: Ball 2-0: Fly out, F7 (Line Drive, 7LM)
|
Batting: RHB José García
|
0-0: Swinging Strike 0-1: Ball 1-1: Called Strike 1-2: Strikes out looking
|
Batting: LHB Jeffrey Satterley
|
0-0: Swinging Strike 0-1: Ball 1-1: Swinging Strike 1-2: Ball 2-2: Foul Ball, location: 2F 2-2: Ball 3-2: Foul Ball, location: 2F 3-2: SINGLE (Groundball, 34D) Glenn Vadnais to second Glenn Vadnais to third
|
Batting: RHB Santo Cruz
|
0-0: Swinging Strike 0-1: Ball 1-1: Ball 2-1: Called Strike 2-2: Foul Ball, location: 2F 2-2: Foul Ball, location: 2F 2-2: Fly out, F5 (Line Drive, 5S)
|
Top of the 9th over - 3 runs, 4 hits, 0 errors, 2 left on base; Houston 6 - Las Vegas 13 |
|